[Event "World U16-ch10"]
[Site "Champigny sur Marne"]
[Date "1984.04.??"]
[Round "?"]
[White "Hellers, Ferdinand"]
[Black "Ivanchuk, Vassily"]
[Result "1/2-1/2"]
[ECO "B09"]
[WhiteElo "2200"]
[BlackElo "2390"]
[PlyCount "61"]
[EventDate "1984.04.01"]
[EventType "swiss"]
[EventRounds "11"]
[EventCountry "FRA"]
[SourceTitle "EXT 2015"]
[Source "ChessBase"]
[SourceDate "2014.11.20"]
[SourceVersion "1"]
[SourceVersionDate "2014.11.20"]
[SourceQuality "1"]
[TimeControl "40/9000:16/5400:0"]

1. e4 d6 2. d4 Nf6 3. Nc3 g6 4. f4 Bg7 5. Nf3 c5 6. Bb5+ Bd7 7. e5 Ng4 8. e6
Bxb5 9. exf7+ Kd7 10. Nxb5 Qa5+ 11. Nc3 cxd4 12. Nxd4 Bxd4 13. Qxd4 Nc6 14. Qc4
(14. Qd1) (14. Qe4) 14... Qb6 15. Qe2 h5 16. Bd2 (16. h3 Nh6 ) 16... Nd4 17. Qd3 Nf5 18. Ne4 Rac8 19. O-O-O $36 Nge3 20. Bxe3 Nxe3 21. c3 $146 (21. Nc3 Nxd1 {Timman,J (2605)
-Van Wijgerden,C (2440) NED-ch38 Hilversum 1983 (3) 1/2-1/2}) 21... Nxd1 22.
Rxd1 Qa6 23. Qh3+ (23. Qxa6 bxa6 24. h4 Rhf8 25. Ng5 $44 ) 23...
Kc7 24. Qe6 Kb8 25. a3 {Un coup naturel mais Qe7 était gagnant} (25. Qxe7 $1
Qxa2 $4 (25... Qe2 26. Qxd6+) 26. Nxd6 Rc7 (26... Qa6 27. Nxc8)
27. f8=Q+) 25... Rc7 26. Ng5 Qa4 27. Qe3 Rf8 28. g3 Qc4 29. Ne6 Rxf7 30. Nxc7
Qxc7 31. Re1 1/2-1/2

[Event "World U16-ch10"]
[Site "Champigny sur Marne"]
[Date "1984.04.??"]
[Round "?"]
[White "Rappa, Damian"]
[Black "Ivanchuk, Vassily"]
[Result "0-1"]
[ECO "C06"]
[WhiteElo "2290"]
[BlackElo "2390"]
[PlyCount "96"]
[EventDate "1984.04.01"]
[EventType "swiss"]
[EventRounds "11"]
[EventCountry "FRA"]
[SourceTitle "EXT 2015"]
[Source "ChessBase"]
[SourceDate "2014.11.20"]
[SourceVersion "1"]
[SourceVersionDate "2014.11.20"]
[SourceQuality "1"]
[TimeControl "40/9000:16/5400:0"]

1. e4 e6 2. d4 d5 3. Nd2 Nf6 4. e5 Nfd7 5. Bd3 c5 6. c3 Nc6 7. Ne2 cxd4 8. cxd4
f6 9. exf6 Nxf6 (9... Qxf6 10. Nf3 (10. O-O)) 10. O-O Bd6 11. Nf3 Qc7 (11...
Qb6) (11... O-O) 12. Re1 {[%csl Re6] Un peu trop lent} (12. Bg5 $142 {La
grande ligne} O-O 13. Bh4) 12... O-O 13. Ng3 e5 (13... Bd7) 14. dxe5 Nxe5 15.
Be2 $146 (15. Nxe5 $142 Bxe5 16. Qb3 Kh8 17. Bd2 Bd7 18. Bb4 Rf7 19. Rac1 Bc6
20. Ba5 Qxa5 21. Rxe5 Ng4 22. Rh5 h6 23. Bb1 Qd2 24. Qc2 Qxf2+ 25. Qxf2 Nxf2
26. Rh4 Raf8 27. Bf5 Ne4 28. Bxe4 dxe4 29. Nxe4 Kg8 30. h3 g5 31. Rg4 Kh8 32.
Nd2 Kg7 33. h4 Kg6 34. hxg5 hxg5 35. Rf1 Rxf1+ 36. Nxf1 Rd8 37. Kf2 a5 38. Rg3
Rd1 39. Rb3 Rb1 40. Ne3 b5 41. Kg3 b4 {1/2-1/2 (41) Sulman,R (2290)-Van
Tilbury,C (2350) New York 1979}) 15... Neg4 $1 {[%csl Rf2] Profitant du fait
que les Blancs n'ont pas échangé le Ne5} 16. Rf1 Qb6 17. Qb3 Bc5 18. Qxb6
Bxb6 19. Bd2 Ne4 $132 20. Be1 Nxg3 21. hxg3 Bd7 22. Rd1
Rae8 {Les pièces Noires sont très actives} 23. Bd3 Ne5 24. Nxe5 Rxe5 25. Bd2
Bf5 26. Bc3 Bxd3 27. Rxd3 Re2 $36 28. Rxd5 Bxf2+ 29. Kh1 Bxg3
30. Rxf8+ Kxf8 31. Rg5 Re3 32. Kg1 (32. Rxg7 $2 Rxc3) 32... g6 33. Kf1 Kf7 34.
Rd5 h5 $1 35. Rd7+ Re7 36. Rd8 h4 $17 37. Bb4 Rc7 38. Bc3 Re7 39. Bb4 Rc7 40.
Bc3 g5 41. Rh8 Kg6 42. Ke2 {Malgré l'ajournement, les Blancs ne peuvent pas
sauver la nulle} Re7+ 43. Kf3 Rf7+ 44. Ke3 Rf2 45. Rg8+ Kh5 46. Bd2 Rxg2 47. Kd3 Be5 48. b3 h3 {Biulletin CCC of the USSR 1984, No.
15, p. 10-11} 0-1

[Event "World U16-ch10"]
[Site "Champigny sur Marne"]
[Date "1984.04.??"]
[Round "2"]
[White "Ivanchuk, Vassily"]
[Black "Hampton, Paul"]
[Result "1-0"]
[ECO "E11"]
[WhiteElo "2390"]
[BlackElo "2200"]
[PlyCount "59"]
[EventDate "1984.04.01"]
[EventType "swiss"]
[EventRounds "11"]
[EventCountry "FRA"]
[SourceTitle "EXT 2015"]
[Source "ChessBase"]
[SourceDate "2014.11.20"]
[SourceVersion "1"]
[SourceVersionDate "2014.11.20"]
[SourceQuality "1"]
[TimeControl "40/9000:16/5400:0"]

1. d4 {Il s'agissait de la première partie jouée à l'ouest par "Tchouki"}
Nf6 2. c4 e6 3. Nf3 Bb4+ 4. Nbd2 (4. Bd2) 4... d5 (4... b6) (4... O-O) 5. Qa4+
Nc6 6. a3 (6. e3 O-O 7. Bd3 (7. a3)) 6... Bxd2+ (6... Be7 {L'alternative
conservant un meilleur contrôle des cases Noires} 7. e3 O-O 8. Qc2 (8. b4)) 7.
Bxd2 Bd7 (7... Ne4 8. Rd1 $32) 8. Qc2 Ne4 9. e3 (9. Rd1) (9. Bf4) 9... O-O 10.
Bd3 f5 {La position Noire est passive mais solide} 11. b4 $14 Be8
12. b5 $1 Nb8 13. cxd5 $1 exd5 14. Ba5 $1 {Provoque un petit
affaiblissement des cases Blanches et la paire de B va commencer à s'activer}
b6 15. Bb4 Rf6 16. a4 Nd7 17. Nd2 $1 Rc8 18. Qa2 $16 Bf7 19. Rc1 c5 20. bxc6 Rfxc6 21. Rxc6 Rxc6 22. Qb2 Qc7 23. O-O Rh6 (
23... Nxd2 $142 $1 24. Qxd2 Rh6 ) 24. Nf3 Bh5 25. Rc1 Qd8 26. Ba6 $40 Ndc5 27. dxc5 bxc5
28. Ba5 $1 Qxa5 29. Qb8+ Kf7 30. Ne5+ {[%emt 0:00:09] Biulletin CCC of the
USSR 184, No.15, p. 9} 1-0

[Event "World U16-ch10"]
[Site "Champigny sur Marne"]
[Date "1984.04.??"]
[Round "3"]
[White "Ivanchuk, Vassily"]
[Black "Southam, Todd"]
[Result "1-0"]
[ECO "D34"]
[WhiteElo "2390"]
[BlackElo "2200"]
[PlyCount "71"]
[EventDate "1984.04.01"]
[EventType "swiss"]
[EventRounds "11"]
[EventCountry "FRA"]
[SourceTitle "EXT 2015"]
[Source "ChessBase"]
[SourceDate "2014.11.20"]
[SourceVersion "1"]
[SourceVersionDate "2014.11.20"]
[SourceQuality "1"]
[TimeControl "40/9000:16/5400:0"]

1. d4 d5 2. c4 e6 3. Nc3 c5 4. cxd5 exd5 5. Nf3 Nc6 6. g3 Nf6 7. Bg2 Be7 8. O-O
O-O 9. Bg5 cxd4 10. Nxd4 h6 11. Be3 Be6 12. Qa4 Qd7 13. Rfd1 (13. Nxe6 Qxe6 (
13... fxe6 14. Rad1) 14. Nb5 Rac8 15. Rac1 a6 16. Nd4 Nxd4 17. Qxd4 Ne4 18.
Rxc8 Rxc8 19. Rd1 Nf6 20. Qd3 b5 21. Bd4 Ne4 22. b3 b4 23. Bb2 Bf6 24. Bxf6
Nxf6 25. e3 Rc3 26. Qd2 Qf5 27. Qe2 a5 28. h3 h5 29. Rd4 g6 30. Rf4 Qe5 31. Qa6
Kg7 32. Qxa5 g5 33. Rxb4 h4 34. g4 Rc1+ 35. Bf1 Ne4 36. Rxe4 Qxe4 37. Qb5 Qf3
38. Qd3 Qxh3 39. Qe2 Kf8 40. b4 f5 41. gxf5 Qxf5 42. Qa6 h3 {Ogaard,L (2460)
-Pfleger,H (2540) Manila 1975 0-1}) 13... Rfd8 $146 (13... Nxd4 14. Qxd4 (14.
Bxd4 Qxa4 15. Nxa4 {Panchenko,A (2495)-Azmaiparashvili,Z (2415) URS-ch48 sf
Dnipropetrovsk 1980 1-0}) 14... Rfd8) 14. Rac1 Ne5 15. Qb3 Rac8 16. Nxe6 fxe6
17. h3 Nc4 18. Bd4 $14 Na5 19. Qc2 Nc6 20. Be3 Qe8 21. Qb3
Na5 22. Qb5 b6 23. Qxe8+ Rxe8 24. Nb5 Nc4 25. Nxa7 (25. Bd4 e5 26. Nxa7 $13)
25... Ra8 26. Rxc4 $1 Rxa7 27. Rc6 Rxa2 28. Rxe6 Rxb2 (28...
Kf7 29. Rxb6) 29. Bd4 Rb4 30. Rxb6 Rxb6 31. Bxb6 Bd8 32. Bxd8 Rxd8 33. Rd4 $1
$40 Re8 34. Kf1 Re5 35. f4 Re3 36. Kf2 {[%emt 0:00:10]
Biulletin CCC of the USSR 1984, No.15, p.} 1-0

[Event "Moscow Tal Memorial 6th"]
[Site "Moscow"]
[Date "2011.11.23"]
[Round "7"]
[White "Nakamura, Hikaru"]
[Black "Ivanchuk, Vassily"]
[Result "0-1"]
[ECO "D83"]
[WhiteElo "2758"]
[BlackElo "2775"]
[Annotator "Ramirez Alvarez,A"]
[PlyCount "80"]
[EventDate "2011.11.16"]
[EventType "tourn"]
[EventRounds "9"]
[EventCountry "RUS"]
[EventCategory "22"]
[SourceTitle "CBM 146"]
[Source "ChessBase"]
[SourceDate "2012.01.18"]
[SourceVersion "1"]
[SourceVersionDate "2012.01.18"]
[SourceQuality "1"]
[TimeControl "6000+30"]

1. d4 Nf6 2. c4 g6 3. Nc3 d5 {The Grünfeld seemed to have had a resurgence in
the Tal Memorial. Maybe it's the new fashion, again.} 4. Bf4 {Nakamura decides
to switch variations after not getting much more than a very complex position
against Svidler with 4. cxd5.} Bg7 5. e3 O-O 6. Rc1 dxc4 (6... c5) (6... c6 {
are more common moves.}) 7. Bxc4 Nbd7 (7... c5 8. dxc5 Qa5 {transposes back to
a very topical line of the Grünfeld, which has been the subject of much debate
since the 80s.}) 8. Nb5 $6 {It's hard to criticise a 2750's 8th move, but I
have a hard time understanding this move. The queen's knight in the Grünfeld
sometimes has some interesting stories. It is not unusual for the N to go to
b5, then to c7, boldly take the rook on a8 while Black opens up the centre and
counterattacks against the king to compensate for the material deficit.
However this is just not one of those cases: the N clearly can't go to c7
after 8... c6. Hikaru's idea lies elsewhere, but it seems dubious.} (8. Nf3 Nh5
9. Bg5 h6 10. Bh4 g5 11. Bg3 Nxg3 12. hxg3 {might not have been to Hikaru's
liking.}) (8. h3 c5 $11 {is too slow.}) 8... c6 9. Bc7 Qe8 10. Nc3 {Hikaru
might have reached this position in his mind and thought that Black would have
a hard time developing. If, for example, he decideds to play 10...Nb6, he
would lose control over both c5 and e5 making his breaks that much harder to
achieve. He may have thought that 10...e5 lost to 11.Bd6, but Vassily
disagreed.} e5 $1 11. dxe5 (11. Bd6 exd4 12. Bxf8 (12. Qxd4 $2 Ne4 $1 $17 {
and the N is taboo.}) 12... Qxf8 (12... dxc3 13. Bxg7 cxb2 14. Rc2 Kxg7 15.
Rxb2 Qe4 16. Bf1 {also provides obvious compensation.}) 13. exd4 Nb6 14. Bb3
Bg4 $44) 11... Nxe5 12. Be2 Bf5 13. Nf3 Nxf3+ 14. Bxf3 Rc8 {Black has got a
dream position out of the opening. His pieces are active and he is slightly
better developed. Hikaru is only slightly worse, but having this situation
after only 14 moves with White is very unpleasant.} 15. Bg3 Ne4 16. Bxe4 (16.
Nxe4 $6 Bxe4 {leaves too many diagonals open against the queenside.}) 16...
Bxe4 17. O-O Rd8 18. Qa4 Bd3 19. Rfd1 b5 20. Qa5 (20. Qxa7 b4 21. Na4 Bc2 22.
Rxd8 Qxd8 $17 {is majorly unpleasant.}) 20... Rd7 21. Rd2 Qe7 22. Rcd1 Rfd8 {
Pair of bishops, queenside majority, queenside pressure. Black is still only
slightly better but there is no doubt that the pull is quite lasting.} 23. a3
h5 24. h3 h4 25. Bh2 Kh7 $6 (25... Bf6 26. Bc7 Rxc7 27. Rxd3 Rxd3 28. Rxd3 Rd7
29. Rxd7 Qxd7 $17) 26. Bc7 $1 {A nice stroke, forcing the exchange of a pair
of bishops. This gives White some breathing space. And eliminates the pair of
bishops. Not sufficient to equalise, but White is improving his game little by
little.} Rxc7 27. Rxd3 Rxd3 28. Rxd3 Bf6 (28... Rd7 29. Rxd7 Qxd7 30. Qb4 $11 {
and White's just in time to defend everything because h4 is hanging.}) 29. Rd2
$6 (29. Qb4 Qxb4 30. axb4 {gave White great drawing chances thanks to his
dominating rook.}) 29... Rd7 30. Rc2 (30. Rxd7 Qxd7 {[%csl Rb2,Rf2,Rh2][%cal
Rf6b2,Rf6e5,Re5h2,Gd7d2,Gd2e1] was possible but the white Q is so out of play
that Black's advantage is considerable. White will have problems defending f2
and b2.}) 30... Qe6 31. Qb4 a5 32. Qf4 (32. Qxa5 $2 Qb3 $17) 32... Kg7 33. Rc1
{Another strange move in a series of strange decisions. This allows the black
rook access to the 2nd rank.} a4 (33... Rd2 34. Ne4 Bxb2 {was completely
winning. Time pressure is the only explanation.}) 34. Qb4 Rd3 35. Rc2 $2 {
The last bad move seals the deal. Ivanchuk doesn't let this opportunity escape.
} (35. Kf1 {was necessary to start trying to patch up some of the weaknesses.
However it is difficult to play this move, as it seems the K is simply getting
weaker.} Be7 $17) 35... Qb3 36. Qxb3 axb3 37. Rc1 Bxc3 38. bxc3 c5 39. Kf1 c4
40. Ke2 Rxc3 {Not Hikaru's brightest game. Really marked by mistakes and Black
never had a worry in the world.} 0-1

[Event "Paris FIDE GP"]
[Site "Elancourt"]
[Date "2013.10.04"]
[Round "11"]
[White "Tomashevsky, Evgeny"]
[Black "Ivanchuk, Vassily"]
[Result "1/2-1/2"]
[ECO "D11"]
[WhiteElo "2706"]
[BlackElo "2731"]
[Annotator "ChessBase Website"]
[PlyCount "146"]
[EventDate "2013.09.22"]
[EventType "tourn"]
[EventRounds "11"]
[EventCountry "FRA"]
[EventCategory "20"]
[SourceTitle "CBM 157"]
[Source "ChessBase"]
[SourceDate "2013.11.12"]
[SourceVersion "1"]
[SourceVersionDate "2013.11.12"]
[SourceQuality "1"]
[TimeControl "40/7200:20/3600:900+30"]
[WhiteClock "2:00:00"]
[BlackClock "2:00:00"]

1. d4 d5 2. c4 c6 3. Nf3 Nf6 4. e3 a6 5. Bd3 Bg4 6. Qb3 Bxf3 7. gxf3 Ra7 8.
Nc3 {[%emt 0:11:45] Tomashevsky avoided the ...a6 Slav by playing without Nc3,
a common way of dealing with this set-up as it has been proven that the knight
doesn't necessarily want to be in that square too quickly in those kinds of
systems. He was able to win a pawn with a long but well calculated combination
but surprisingly his advantage was not so strong as his extra pawn was very
difficult to convert in a queen endgame. To Tomashevsky's credit he tried very
hard but it was simply impossible to win with his weak king position that
ultimately allowed Ivanchuk to force a perpetual.} e6 9. Bd2 Be7 10. c5 $146 (10. f4 dxc4
11. Bxc4 b5 12. Be2 Nbd7 13. Qc2 c5 14. dxc5 Nxc5 15. b4 Ncd7 16. a4 Bxb4 17.
axb5 a5 18. Na4 Nd5 19. O-O O-O 20. Bf3 Rc7 21. Qd3 Nc5 22. Nxc5 Rxc5 23. Rfc1
Nc3 24. Qxd8 Rxd8 25. Bxc3 Rxc3 26. Rxc3 Bxc3 27. Rc1 Bb4 28. b6 Kf8 29. b7 Bd6
30. Rc6 Ke7 31. Ra6 Bc7 32. Kg2 g6 33. Ra8 h6 34. Rc8 Bb8 35. Bc6 g5 36. fxg5
hxg5 37. e4 f5 38. Kf3 Be5 39. exf5 exf5 {Mena Crespo,C (2353)-Arias,L (2406)
Havana 2009 1/2-1/2}) 10... e5 11. dxe5 Nfd7 12. f4 Nxc5 13. Qc2 Nxd3+ 14. Qxd3 Nd7 15. O-O-O O-O 16. Rhg1 f5 17. Nxd5 cxd5 18.
Qxd5+ Kh8 19. Bc3 b5 20. Qg2 g6 21. e6+ Bf6 22. Bxf6+ Rxf6 23. exd7 Rxd7 24. Qf3 Kg7 25. Rxd7+ Qxd7 26. Rd1 Rc6+ 27. Kb1 Rd6 28. Rxd6 Qxd6 29. Qe2 a5 30. a3 Qd5 31. f3 a4 32. e4 Qb3 33. exf5 gxf5 34. Qe7+ Kg8 35. Qe8+ Kg7 36. Qe7+ Kg8 37. Qg5+ Kh8 38. Qf6+ Kg8 39. Qxf5 Qd1+ 40. Ka2 Qb3+ 41. Ka1 Qd1+ 42. Ka2 Qb3+ 43. Ka1 Qd1+ 44. Qb1 Qxf3 45. Qg1+ Kf7 46. Qa7+ Kg6 47. Qb6+ Kf7 48. Qc7+ Kg6 49. Qb6+ Kf7 50. Qc7+ Kg6 51. Qd6+ Kf7 52. Qd7+ Kf6 53. Qxh7 Qh1+ 54. Ka2 Qd5+ 55. Ka1 Qh1+ 56. Qb1 Qxh2 57. Qe4 Qh5 58. Qd4+ Ke6 59. Qe4+ Kf6 60. Qd4+ Ke6 61. Qe3+ Kf6 62. Qc3+ Ke6 63. Qc8+ Kf6 64. Kb1 Qd1+ 65. Qc1 Qd3+ 66. Qc2 Qf1+ 67. Ka2 Qxf4 68. Qc6+ Kf7 69. Qxb5 Qe4 70. Qb4 Qd5+ 71. Ka1 Qh1+ 72. Ka2 Qd5+ 73. Ka1 Qh1+ 1/2-1/2

[Event "WchT 10th"]
[Site "Tsaghkadzor"]
[Date "2015.04.28"]
[Round "9.2"]
[White "Ivanchuk, Vassily"]
[Black "Erdos, Viktor"]
[Result "1/2-1/2"]
[ECO "B30"]
[WhiteElo "2731"]
[BlackElo "2613"]
[PlyCount "25"]
[EventDate "2015.04.19"]
[EventType "team-tourn"]
[EventRounds "9"]
[EventCountry "ARM"]
[SourceTitle "CBM 166"]
[Source "ChessBase"]
[SourceDate "2015.05.11"]
[SourceVersion "1"]
[SourceVersionDate "2015.05.11"]
[SourceQuality "1"]
[WhiteTeam "Ukraine"]
[BlackTeam "Hungary"]
[WhiteTeamCountry "UKR"]
[BlackTeamCountry "HUN"]
[TimeControl "40/5400+30:1800+30"]

1. Nf3 Nf6 2. c4 c5 3. Nc3 Nc6 4. e4 e5 5. d3 d6 6. g3 g6 7. Bg2 Bg7 8. O-O O-O
9. Ne1 Ne8 10. Nc2 Nc7 11. Ne3 Rb8 12. a4 Nd4 13. Ne2 1/2-1/2